 Dungeon Crawl Stone Soup version 0.27-a0-797-g27d10ad80f (webtiles) character file.

Game seed: 14351957302463061558

303 Shayle the Sneak (level 6, -3/45 HPs)
             Began as a Djinni Hedge Wizard on Mar 27, 2021.
             Slain by a bullfrog (8 damage)
             ... on level 5 of the Dungeon.
             The game lasted 00:13:37 (5624 turns).

Shayle the Sneak (Djinni Hedge Wizard)              Turns: 5624, Time: 00:13:38

Health: -3/45      AC:  3    Str:  9    XL:     6   Next: 38%
Gold:   180        EV: 13    Int: 17    God:
                   SH:  0    Dex: 13

rFire    + + .     SeeInvis .   a - +0 dagger
rCold    x . .     Faith    .   (no shield)
rNeg     . . .     Spirit   .   b - +0 robe
rPois    ∞         Reflect  .   c - +0 hat
rElec    .         Harm     .   (no cloak)
rCorr    .         Rampage  .   k - +0 pair of gloves
Will     .....                  (boots unavailable)
Stlth    ++........             (no amulet)
HPRegen  0.15/turn              (no ring)
MPRegen  0.00/turn              (no ring)

@: flying
A: fire resistance 2, cold vulnerability 1, float, innate caster, hp casting,
extra vitality 1
a: no special abilities


You were on level 5 of the Dungeon.
You visited 1 branch of the dungeon, and saw 5 of its levels.

You collected 180 gold pieces.

Inventory:

Hand Weapons
 a - a +0 dagger (weapon)
Armour
 b - a +0 robe (worn)
 c - a +0 hat (worn)
 k - a +0 pair of gloves (worn)
Jewellery
 l - a +4 ring of evasion
Scrolls
 d - a scroll of torment
 e - 4 scrolls of identify
 f - a scroll of blinking
 i - 2 scrolls of teleportation
 j - a scroll of noise
Potions
 g - 2 potions of curing
 h - a potion of ambrosia


   Skills:
 + Level 2.4 Fighting
 + Level 3.7 Dodging
 * Level 3.9 Stealth
 + Level 3.5 Spellcasting


You couldn't memorise any spells.
You knew the following spells:

 Your Spells              Type           Power      Damage    Failure   Level
a - Magic Dart            Conj           56%        1d5       4%          1
b - Blink                 Tloc           N/A        N/A       6%          2
c - Call Imp              Summ           14%        N/A       6%          2
d - Slow                  Hex            14%        N/A       6%          2
e - Conjure Flame         Conj/Fire      14%        6-21      12%         3
f - Mephitic Cloud        Conj/Pois/Air  14%        N/A       12%         3
g - Freeze                Ice            56%        1d7       4%          1
h - Corpse Rot            Necr/Air       N/A        N/A       6%          2
Your spell library was empty.

Dungeon Overview and Level Annotations

Branches:
Dungeon (5/15)
 Temple: D:4-7

Altars:
Gozag
Hepliaklqana
Qazlal
Sif Muna
Trog
Uskayaw
Wu Jian
The Shining One

Shops:
D:1 [   D:2 *

Annotations:
D:4 3 runed translucent doors, DunceCap's ghost, novice DsFi


Innate Abilities, Weirdness & Mutations

You are immune to poison.
Your flesh is very heat resistant. (rF++)
You are vulnerable to cold. (rC-)
You float through the air rather than walking.
You learn spells naturally, not from books.
Your magical power is your life essence.
You have superior vitality. (+4 HP)


Message History

Casting: Call Imp (safe; 6% risk of failure)
Confirm with . or Enter, or press ? or * to list all spells.
Aiming: Mephitic Cloud (dangerous; 12% risk of failure)
Press: ? - help, Shift-Dir - straight line The ball explodes into a vile cloud!
The stinking cloud engulfs your shadow imp but does no damage.
Your shadow imp is almost dead.
The stinking cloud engulfs the scorpion but does no damage.
The scorpion is moderately wounded.
You hear a loud, deep croak!
The scorpion stings your shadow imp!
Your shadow imp dies!
A bullfrog comes into view.
The scorpion is engulfed in noxious fumes.
The scorpion appears confused.
The bullfrog hits you.
You hit the bullfrog.
The bullfrog is lightly wounded.
The bullfrog barely misses you.
You hit the bullfrog but do no damage.
The bullfrog is lightly wounded.
The bullfrog hits you!
* * * LOW HITPOINT WARNING * * *
The bullfrog misses you.
You closely miss the bullfrog.
The bullfrog is lightly wounded.
The bullfrog hits you.
* * * LOW HITPOINT WARNING * * *
You hit the bullfrog.
The bullfrog is lightly wounded.
The bullfrog hits you.
* * * LOW HITPOINT WARNING * * *
The bullfrog hits you but does no damage.
Casting: Mephitic Cloud (dangerous; 12% risk of failure)
Confirm with . or Enter, or press ? or * to list all spells.
A beastly little devil appears in a puff of flame.
* * * LOW HITPOINT WARNING * * *
The bullfrog misses you. The bullfrog hits you!
You die...

#.#######s#
#.# #.# #.#
#.# #.# #..
#.# ###
#.####
#....#
####F#
#@#########
#.5<.......
###########


You could see a bullfrog (ally target) and a friendly crimson imp (summoned).

Vanquished Creatures
  A water moccasin zombie (D:5)
  2 gnolls
  3 adders
  An adder skeleton (D:4)
  2 dart slugs
  4 orcs (D:4)
  7 ball pythons
  7 bats
  5 endoplasms
  4 giant cockroaches
  2 goblins
  2 hobgoblins
  2 jackals (D:2)
  A quokka (D:1)
  3 frilled lizards
  3 kobolds
  4 rats
53 creatures vanquished.

Vanquished Creatures (collateral kills)
  A black bear (D:2)
  A scorpion (D:4)
  A hound (D:4)
  A gnoll shaman (D:4)
  An iguana (D:4)
  A hound skeleton (D:4)
  2 gnolls (D:4)
  2 adders
  2 worms (D:3)
  3 orcs
  2 endoplasms
  A hobgoblin (D:4)
  A ball python (D:4)
  2 kobolds (D:4)
  A rat (D:3)
22 creatures vanquished.

Vanquished Creatures (others)
  A plant (D:4)
1 creature vanquished.

Grand Total: 76 creatures vanquished

Notes
Turn   | Place    | Note
-------+----------+-------------------------------------------
     0 | D:1      | Shayle the Djinni Hedge Wizard began the quest for the Orb.
     0 | D:1      | Reached XP level 1. HP: 15/15 MP: 0/0
   311 | D:1      | Reached XP level 2. HP: 18/22 MP: 0/0
   601 | D:1      | Found Mifoenk's Antique Armour Emporium.
  1077 | D:1      | Reached XP level 3. HP: 24/26 MP: 0/0
  1077 | D:1      | Learned a level 1 spell: Freeze
  1354 | D:1      | Reached skill level 1 in Fighting
  1830 | D:2      | Found Binirro's General Store.
  1899 | D:2      | Noticed a black bear
  1910 | D:2      | Killed a black bear
  1911 | D:2      | Reached XP level 4. HP: 21/32 MP: 0/0
  2201 | D:3      | Found a hide-covered altar of Uskayaw.
  2426 | D:3      | Found a stormy altar of Qazlal.
  2623 | D:3      | Found an ornate altar of the Wu Jian Council.
  3422 | D:4      | Reached XP level 5. HP: 36/37 MP: 0/0
  3422 | D:4      | Learned a level 2 spell: Corpse Rot
  4338 | D:4      | Reached XP level 6. HP: 36/43 MP: 0/0
  4408 | D:4      | Found a glowing golden altar of the Shining One.
  4410 | D:4      | Found a bloodstained altar of Trog.
  4410 | D:4      | Found a hazy altar of Hepliaklqana.
  4416 | D:4      | Found a runed translucent gate.
  4416 | D:4      | Found a runed translucent gate.
  4416 | D:4      | Found an opulent altar of Gozag.
  4417 | D:4      | Found a runed translucent gate.
  4418 | D:4      | Noticed a wyvern
  4419 | D:4      | Noticed DunceCap's ghost (novice DsFi)
  5553 | D:5      | Entered Level 5 of the Dungeon
  5624 | D:5      | Slain by a bullfrog

Illustrated notes

Levels and vault maps discovered:
D:1:      eino_arrival_water_cross, layout_basic, serial_shops,
          nicolae_shop_temple_entry_statues_fountains, nrook_loot_triangle,
          grunt_decor_cap, st_stairs_4
D:2:      layout_rooms, serial_shops, nicolae_shop_crystal
D:3:      layout_basic, grunt_qazlal_clouds, old_standard_altar,
          lemuel_tele_altar
D:4:      minmay_angry_zag, layout_cave_pods,
          gammafunk_temple_overflow_forgotten, nicolae_sif_muna_little_library,
          ebering_ghost_gozag
D:5:      layout_loops_ring, lemuel_crystal_altar,
          nicolae_ru_great_annihilating_truth

Skill      XL: |  1  2  3  4  5 |
---------------+----------------+-----
Stealth        | 2 3 |  3.9
Fighting       | 1 2 |  2.4
Spellcasting   | 3 |  3.5
Dodging        | 3 |  3.7

Action                   |  1- 3 |  4- 6 || total
-------------------------+-------+-------++-------
Melee: Dagger            |    17 |   124 ||   141
 Cast: Magic Dart        |    41 |    47 ||    88
       Call Imp          |     3 |    35 ||    38
       Mephitic Cloud    |     1 |     7 ||     8
  Use: Scroll            |       |     6 ||     6
       Potion            |       |     1 ||     1
 Stab: Sleeping          |     1 |     5 ||     6
Armor: Robe              |     9 |    30 ||    39
Dodge: Dodged            |    19 |    79 ||    98

Table legend: (Time is in decaauts)
 A = Elapsed time spent in this place.
 B = Non-inter-level travel time spent in this place.
 C = Inter-level travel time spent in this place.
 D = Time resting spent in this place.
 E = Time spent auto-exploring this place.
 F = Levels seen in this place.
 G = Mean time per level.
                   A        B        C        D        E       F      G
               +--------+--------+--------+--------+--------+-----+--------+
         Total |   5623 |   5552 |     71 |   1185 |   3500 |   5 | 1124.6 |
       Dungeon |   5623 |   5552 |     71 |   1185 |   3500 |   5 | 1124.6 |
               +--------+--------+--------+--------+--------+-----+--------+

Top non-repeatable levels by time:
     D:4: 2132 daAuts
     D:1: 1430 daAuts
     D:3: 1227 daAuts
     D:2: 761 daAuts
     D:5: 70 daAuts
